 Dungeon Crawl Stone Soup version 0.32-a0-673-g3729bd50f8 (webtiles) character file.

Game seed: 13943052747652867846

61 Sabo the Charlatan (level 3, -1/27 (28) HPs)
             Began as a Mountain Dwarf Artificer on Mar 10, 2024.
             Constricted to death by a ball python (2 damage)
             ... on level 2 of the Dungeon.
             The game lasted 00:07:41 (1485 turns).

Sabo the Charlatan (Mountain Dwarf Artificer)       Turns: 1485, Time: 00:07:43

HP:   -1/27 (28)    AC: 12    Str: 16    XL:     3   Next: 83%
MP:   3/3           EV: -4    Int: 11    God:
Gold: 107           SH:  0    Dex: 10    Spells: 2/2 levels left

rFire   . . .        b - +1 dagger (flame)
rCold   . . .        (no shield)
rNeg    . . .        f - +0 plate armour
rPois   .            (no helmet)
rElec   .            (no cloak)
rCorr   .            (no gloves)
SInv    .            k - +0 pair of boots
Will    .....        (no amulet) Stlth
                     (no ring)
HPRegen 0.24/turn    (no ring)
MPRegen 0.08/turn

%: no passive effects
@: lethally poisoned (-1 -> -4), constricted, lightly drained
A: runic magic, artefact enchanting
a: no special abilities


You were on level 2 of the Dungeon.
You visited 1 branch of the dungeon, and saw 2 of its levels.

You collected 107 gold pieces.

Inventory:

Hand Weapons
 b - a +1 dagger of flaming (weapon)
 i - a +0 sling
Armour
 f - a +0 plate armour (worn)
 k - a +0 pair of boots (worn)
Talismans
 g - a beast talisman
Wands
 c - a wand of flame (15) (quivered)
 d - a wand of charming (15)
 e - a wand of iceblast (5)
Scrolls
 h - 2 scrolls of enchant armour {unknown}
 n - a scroll of fear {unknown}
Potions
 a - a potion of enlightenment {unknown}
 j - 2 potions of curing {unknown}
 l - a potion of lignification {unknown}
 m - a potion of magic {unknown}


   Skills:
 + Level 1.4 Fighting
 + Level 0.9 Short Blades
 + Level 1.1 Maces & Flails
 + Level 3.1 Armour
 + Level 1.1 Dodging
 + Level 0.6 Stealth
 + Level 3.9 Evocations


You had 2 spell levels left.
You didn't know any spells.
Your spell library was empty.

Dungeon Overview and Level Annotations

Branches:
Dungeon (2/15)

Altars:


Innate Abilities, Weirdness & Mutations

Your spellcasting is much less encumbered by armour.
You can use scrolls of enchantment on lesser artefacts.


Message History

The adder bites you but does no damage.
The ball python bites you but does no damage.
The ball python constricts you.
You barely miss the adder.
The adder is heavily wounded.
The adder bites you but does no damage.
The ball python bites you but does no damage.
The ball python constricts you.
You miss the adder.
The adder is heavily wounded.
The adder bites you but does no damage.
The ball python bites you but does no damage.
The ball python constricts you. The adder bites you but does no damage.
You miss the adder.
The adder is heavily wounded.
The ball python bites you but does no damage.
The ball python constricts you. The adder bites you but does no damage.
You closely miss the adder.
The adder is heavily wounded.
The ball python bites you but does no damage.
The ball python constricts you. The adder bites you but does no damage.
The ball python bites you but does no damage.
The ball python constricts you.
You hit the adder but do no damage.
The adder is heavily wounded.
The adder bites you but does no damage.
The ball python bites you but does no damage.
The ball python constricts you.
* * * LOW HITPOINT WARNING * * *
The adder bites you.
* * * LOW HITPOINT WARNING * * *
You are lethally poisoned!
The adder poisons you!
You hit the ball python. You burn the ball python.
The ball python is heavily wounded.
* * * LOW HITPOINT WARNING * * *
You feel sick.
The ball python bites you but does no damage.
The ball python constricts you.
You die...

........<..####.#...#.........#.#
.#.#.####.## #.##.##.........#.#
...#.####.# #.##............#.#
.#.....##.#####.....#........(#.#
.#.#.#........#####)..#########.#
..........###.# ##.## #.#
#....###### #.# #.# #.# #...##
#.#### #.# #.. #......... #..S@#
#.# ### #...###### #.##S.##.#
#...# ####''#### ..(.# .....
##..# ...... ##.# .##.#..# .# .
ß...'. .. .#..'.


You could see an adder and a ball python.

Vanquished Creatures
  An adder (D:2)
  A dart slug (D:1)
  A ribbon worm (D:2)
  2 ball pythons
  6 endoplasms
  A giant cockroach (D:1)
  5 goblins
  2 hobgoblins (D:2)
  8 jackals
  3 kobolds
  2 quokkas (D:1)
  5 bats
  4 frilled lizards
  A rat (D:2)
42 creatures vanquished.

Notes
Turn   | Place    | Note
-------+----------+-------------------------------------------
     0 | D:1      | Sabo the Mountain Dwarf Artificer began the quest for the
                  | Orb.
     0 | D:1      | Reached XP level 1. HP: 16/16 MP: 1/1
   387 | D:1      | Found a faded altar of an unknown god.
   413 | D:1      | Reached XP level 2. HP: 15/23 MP: 2/2
   623 | D:1      | Reached skill level 1 in Maces & Flails
   644 | D:1      | Reached skill level 1 in Dodging
   941 | D:2      | Reached XP level 3. HP: 21/28 MP: 3/3
  1485 | D:2      | HP: 1/27 [poisoned by an adder]
  1485 | D:2      | Constricted to death by a ball python

Illustrated notes

Levels and vault maps discovered:
D:1:      sevenhm_arrival_forest_fort_small_3, layout_loops_cross,
          hellmonk_ecumenical_altar_crossroads, minmay_heptomino_h4
D:2:      layout_loops_ring, kennysheep_generic_room_4

Skill      XL: |  1  2  3 |
---------------+----------+-----
Maces & Flails | 1 |  1.1
Dodging        | 1 |  1.1
Armour         | 3 |  3.1
Fighting       | |  1.4
Short Blades   | |  0.9
Stealth        | |  0.6
Evocations     | |  3.9

Action                     || total
---------------------------++-------
  Melee: Club              ||    67
         Short sword       ||    77
         Dagger            ||    93
 Armour: Plate armour      ||   342
         Leather armour    ||    11
  Dodge: Dodged            ||    74

Table legend: (Time is in decaauts)
 A = Elapsed time spent in this place.
 B = Non-inter-level travel time spent in this place.
 C = Inter-level travel time spent in this place.
 D = Time resting spent in this place.
 E = Time spent auto-exploring this place.
 F = Levels seen in this place.
 G = Mean time per level.
                   A        B        C        D        E       F      G
               +--------+--------+--------+--------+--------+-----+--------+
         Total |   1499 |   1499 |      0 |    183 |      0 |   2 |  749.5 |
       Dungeon |   1499 |   1499 |      0 |    183 |      0 |   2 |  749.5 |
               +--------+--------+--------+--------+--------+-----+--------+

Top non-repeatable levels by time:
     D:1: 947 daAuts
     D:2: 551 daAuts
